 Dungeon Crawl Stone Soup version 0.27.1-2-g3b301248ec (webtiles) character file.

Game seed: 4050428521995770741

89 DoubleLucky the Caller (level 4, 0/27 HPs)
             Began as a Tengu Summoner on Sept 26, 2021.
             Succumbed to an adder's poison
             ... on level 3 of the Dungeon.
             The game lasted 00:13:37 (3415 turns).

DoubleLucky the Caller (Tengu Summoner)             Turns: 3415, Time: 00:13:38

Health: 0/27       AC:  3    Str: 10    XL:     4   Next: 55%
Magic:  8/8        EV: 12    Int: 15    God:
Gold:   104        SH:  0    Dex: 14    Spells: 1/7 levels left

rFire    . . .     SeeInvis .   m - +2 short sword (speed)
rCold    . . .     Faith    .   (no shield)
rNeg     . . .     Spirit   .   n - +0 leather armour
rPois    .         Reflect  .   (helmet restricted)
rElec    .         Harm     .   (no cloak)
rCorr    .         Rampage  .   (no gloves)
Will     .....                  (boots unavailable)
Stlth    ++........             (no amulet)
HPRegen  0.09/turn              (no ring)
MPRegen  0.11/turn              (no ring)

@: lethally poisoned (0 -> -9)
A: beak, talons 3
a: no special abilities


You were on level 3 of the Dungeon.
You visited 1 branch of the dungeon, and saw 3 of its levels.

You collected 104 gold pieces.

Inventory:

Hand Weapons
 m - a +2 short sword of speed (weapon)
 o - a +0 trident
Missiles
 b - 51 stones
 f - 18 poisoned darts (quivered)
Armour
 a - a +0 robe
 n - a +0 leather armour (worn)
Scrolls
 d - a scroll of blinking {unknown}
 e - a scroll of enchant armour {unknown}
 g - a scroll of amnesia {unknown}
 j - a scroll of teleportation {unknown}
 k - a scroll of identify
 l - a scroll of enchant weapon {unknown}
Potions
 c - a potion of berserk rage
 h - a potion of brilliance


   Skills:
 + Level 2.7 Fighting
 - Level 2.1 Dodging
 - Level 2.0 Stealth
 - Level 2.0 Spellcasting
 - Level 6.0 Summonings
 + Level 0.4 Air Magic


You had one spell level left.
You knew the following spells:

 Your Spells              Type           Power      Damage    Failure   Level
a - Summon Small Mammal   Summ           76%        N/A       2%          1
b - Call Imp              Summ           19%        N/A       3%          2
c - Call Canine Familiar  Summ           19%        N/A       8%          3

Your spell library contained the following spells:

 Spells                   Type           Power      Damage    Failure   Level
 Summon Guardian Golem    Hex/Summ       10%        N/A       26%         3
 Summon Lightning Spire   Summ/Air       11%        N/A       63%         4
 Gell's Gravitas          Tloc           0%         N/A       65%         3
 Lesser Beckoning         Tloc           0%         N/A       65%         3
 Teleport Other           Tloc           1%         N/A       65%         3


Dungeon Overview and Level Annotations

Branches:
Dungeon (3/15)

Altars:


Innate Abilities, Weirdness & Mutations

You have a beak for a mouth.
You have claws for feet.


Message History

An adder comes into view.
The adder hisses angrily.
Casting: Call Imp (safe; 3% risk of failure)
Confirm with . or Enter, or press ? or * to list all spells.
You barely miss the adder. Your kick misses the adder. The adder bites you.
You are poisoned.
The adder poisons you!
You hit the adder but do no damage. Your peck misses the adder.
You feel sick.
Your rat bites the adder.
The adder bites you but does no damage.
You closely miss the adder. Your kick misses the adder.
The adder is lightly wounded.
You feel sick. The adder bites you.
Your rat completely misses the adder.
You miss the adder. You claw the adder. Your peck misses the adder.
The adder is moderately wounded.
You feel sick. The adder barely misses you.
Your rat misses the adder. You hit the adder.
The adder is moderately wounded.
You feel sick. The adder bites you.
You are more poisoned.
The adder poisons you!
Casting: Summon Small Mammal (safe; 2% risk of failure)
Confirm with . or Enter, or press ? or * to list all spells.
You feel sick.
Your rat barely misses the adder.
The adder closely misses you.
You closely miss the adder. You claw the adder. Your peck misses the adder.
The adder is heavily wounded.
You feel sick. The adder bites you.
* * * LOW HITPOINT WARNING * * *
Your rat barely misses the adder.
You closely miss the adder. Your kick misses the adder.
The adder is heavily wounded.
You feel sick.
Your quokka bites the adder.
The adder bites you.
* * * LOW HITPOINT WARNING * * *
You are more poisoned.
The adder poisons you!
Your rat bites the adder.
* * * LOW HITPOINT WARNING * * *
You feel very sick.
Your quokka bites the adder.
The adder dies!
It was a potion of magic.
Magic courses through your body.
You die...

### ..# .. ########
########.###.............
.........r.S.............
#.....†###.............
#....r.................
#.....@###....#....#...
##.###.# ............ #.#
#.# .....##..... #.# #.#
##....##..... #.# #.#
...........).
..#####.###.####...#....#...
..........†.................
.#####.########............
#####........#......#.....


You could see a friendly quokka (summoned) and a friendly rat (summoned).

Vanquished Creatures
  2 adders (D:2)
  4 orcs
  5 ball pythons
  3 endoplasms
  A giant cockroach (D:1)
  2 goblins (D:2)
  3 hobgoblins (D:2)
  4 kobolds
  3 quokkas
  4 bats
  3 frilled lizards
  A rat (D:1)
35 creatures vanquished.

Vanquished Creatures (collateral kills)
  An adder (D:3)
  A dart slug (D:1)
  7 orcs
  3 endoplasms
  6 goblins
  5 kobolds
  A quokka (D:1)
  A ball python (D:2)
  3 frilled lizards (D:1)
  2 rats
30 creatures vanquished.

Vanquished Creatures (others)
  6 fungi (D:2)
  3 plants (D:2)
9 creatures vanquished.

Grand Total: 74 creatures vanquished

Notes
Turn   | Place    | Note
-------+----------+-------------------------------------------
     0 | D:1      | DoubleLucky the Tengu Summoner began the quest for the Orb.
     0 | D:1      | Reached XP level 1. HP: 10/10 MP: 4/4
   422 | D:1      | Reached skill level 5 in Summonings
   483 | D:1      | Reached skill level 1 in Fighting
   483 | D:1      | Reached XP level 2. HP: 16/16 MP: 1/6
  1539 | D:2      | Reached XP level 3. HP: 20/20 MP: 5/7
  2171 | D:2      | Learned a level 2 spell: Call Imp
  2175 | D:2      | Learned a level 3 spell: Call Canine Familiar
  2617 | D:2      | Found a faded altar of an unknown god.
  2908 | D:2      | Reached XP level 4. HP: 25/27 MP: 5/8
  3391 | D:3      | Reached skill level 6 in Summonings
  3415 | D:3      | Succumbed to an adder's poison

Illustrated notes

Levels and vault maps discovered:
D:1:      lightli_arrival_lavapool, layout_basic, palyth_stone_intersect
D:2:      layout_basic, dreamdust_ecumenical_altar_grove
D:3:      layout_basic, skrybe_limestone_x, st_stairs_3,
          kennysheep_generic_room_11

Skill      XL: |  1  2  3  4 |
---------------+-------------+-----
Summonings     | 5 6 |  6.0
Fighting       | 1 2 |  2.7
Dodging        | |  2.1
Stealth        | |  2.0
Spellcasting   | |  2.0
Air Magic      | |  0.4

Action                   |  1- 3 |  4- 6 || total
-------------------------+-------+-------++-------
Melee: Whip              |     9 |       ||     9
       Unarmed           |     5 |       ||     5
       Kick              |    12 |     7 ||    19
       Peck              |     8 |       ||     8
       Dagger            |    52 |       ||    52
       Short sword       |    24 |    23 ||    47
 Cast: Summon Small Mamm |    59 |     3 ||    62
       Call Imp          |     2 |     5 ||     7
  Use: Scroll            |       |     2 ||     2
       Potion            |       |     1 ||     1
 Stab: Sleeping          |     3 |     1 ||     4
       Distracted        |     1 |       ||     1
Armor: Robe              |    15 |       ||    15
       Leather armour    |     2 |     3 ||     5
Dodge: Dodged            |    56 |     8 ||    64
